[Event "Titled Tuesday Blitz December 20 Early 2022"]
[White "Ball, John D L"]
[Black "Mone, Ved"]
[WhiteFideId "402150"]
[BlackFideId "25666290"]
[WhiteElo "2230"]
[BlackElo "1254"]
[Result "1-0"]
[Round "10"]
[TimeControl "180+2"]
[Date "2022.12.20"]
[WhiteClock "0:00:18"]
[BlackClock "0:00:01"]

1. e4 c5 2. Nf3 d6 3. Nc3 a6 4. g3 Nf6 5. Bg2 g6 6. O-O Bg7 7. Re1 O-O 8. e5 dxe5 9. Nxe5 Nbd7 10. Nc4 Rb8 11. d3 b5 12. Ne5 Nxe5 13. Rxe5 Bb7 14. Bxb7 Rxb7 15. Qf3 Rb6 16. Bf4 Nd7 17. Re2 e6 18. h4 Qa8 19. Qxa8 Rxa8 20. Rb1 Nf6 21. Be5 Rc8 22. b3 h5 23. a4 b4 24. Ne4 Nd5 25. Bxg7 Kxg7 26. Rbe1 Rbc6 27. Kg2 a5 28. f3 Ne7 29. g4 Nd5 30. Kg3 Rh8 31. Nd2 Nb6 32. Re5 Kf6 33. Rxc5 Rxc5 34. Ne4+ Ke7 35. Nxc5 Rc8 36. d4 Nd7 37. Nxd7 Kxd7 38. gxh5 gxh5 39. Re2 Kd6 40. Kf4 f6 41. Ke4 Rc3 42. Rg2 Rc8 43. Rg6 f5+ 44. Kd3 Rc3+ 45. Kd2 Rxf3 46. Rg5 Kd5 47. Rxh5 Kxd4 48. Rh8 Rf2+ 49. Ke1 Rh2 50. Ra8 Ke3 51. Kf1 Rxh4 52. Rxa5 Kf3 53. Ke1 Re4+ 54. Kd2 e5 55. Rd5 Kf4 56. a5 Re3 57. a6 Rh3 58. Rb5 Rh8 59. Rxb4+ Kf3 60. Rb5 Rd8+ 61. Ke1 Kf4 62. a7 Ra8 63. Ra5 e4 64. b4 Kg4 65. b5 f4 66. b6 Kf3 67. b7 Rh8 68. a8=Q Rh1+ 69. Kd2 e3+ 70. Kc3 Kf2 71. b8=Q f3 72. Qf4 Rh3 73. Re5 e2 74. Qe3+ Kg2 75. Kd2 Kh2 76. Qf2+ Kh1 77. Qa1+ e1=Q+ 78. Qaxe1# 1-0


[Site "https://www.chess.com"]

[Event "Titled Tuesday Blitz December 20 Early 2022"]
[White "Beca, Rodrigo Martins"]
[Black "Aygehovit1992"]
[WhiteFideId "1954490"]
[WhiteElo "2976"]
[BlackElo "2682"]
[Result "0-1"]
[Round "10"]
[TimeControl "180+2"]
[Date "2022.12.20"]
[WhiteClock "0:00:13"]
[BlackClock "0:00:04"]

1. d4 Nf6 2. c4 g6 3. Nc3 Bg7 4. Nf3 O-O 5. h3 d6 6. g4 c5 7. d5 a6 8. a4 b6 9. Bg2 Ra7 10. e4 e5 11. Be3 Ne8 12. Nd2 f5 13. exf5 gxf5 14. gxf5 Bxf5 15. Nde4 Nf6 16. Ng5 Re7 17. Rg1 e4 18. Qc2 Qe8 19. O-O-O Nbd7 20. Bh1 Kh8 21. Rg3 Ne5 22. Ncxe4 Nxe4 23. Bxe4 Nxc4 24. Bxf5 Bxb2+ 25. Kb1 Na3+ 26. Kxb2 Nxc2 27. Bxc2 Rxe3 28. Rxe3 Qh5 29. Ne4 Qe5+ 30. Nc3 Qf4 31. Re4 Qxf2 32. Rde1 b5 33. Re7 b4 34. Nd1 Qd4+ 35. Kb1 b3 36. Be4 c4 37. Ne3 Rf2 38. Re8+ Kg7 39. Nf5+ Rxf5 40. Bxf5 c3 41. R8e2 Qxa4 42. Rg2+ Kf6 43. Bxh7 c2+ 44. Bxc2 bxc2+ 45. Kc1 Qa1+ 46. Kd2 Qxe1+ 47. Kxe1 c1=Q+ 48. Kf2 Qc5+ 49. Kg3 Qxd5 50. Rf2+ Kg5 0-1


[Site "https://www.chess.com"]

[Event "Titled Tuesday Blitz December 20 Early 2022"]
[White "Begmuratov, Khumoyun"]
[Black "Battlecruiser_Operational"]
[WhiteFideId "14210207"]
[WhiteElo "2387"]
[BlackElo "2428"]
[Result "1-0"]
[Round "10"]
[TimeControl "180+2"]
[Date "2022.12.20"]
[WhiteClock "0:01:20"]
[BlackClock "0:00:11"]

1. e4 e6 2. d4 d5 3. Nc3 h6 4. exd5 exd5 5. Nf3 Nc6 6. Bf4 Be6 7. Bb5 Bd6 8. Qd2 Ne7 9. O-O-O a6 10. Bxc6+ bxc6 11. Rde1 Rb8 12. Be5 Qc8 13. Qf4 Ng6 14. Qg3 Nxe5 15. Nxe5 O-O 16. Qf3 Qb7 17. Nd3 Qb6 18. Ne2 Qa5 19. Kb1 Rb6 20. Nec1 Rfb8 21. Nb3 Qa4 22. g4 a5 23. h4 Qb5 24. Nbc5 Bxc5 25. dxc5 R6b7 26. g5 h5 27. g6 d4 28. Rxe6 fxe6 29. Qxh5 Qc4 30. Qh7+ Kf8 31. Qh8+ Ke7 32. Qxg7+ Kd8 33. Qf8+ Kd7 34. Qf7+ Kd8 35. Qf8+ Kd7 36. Ne5# 1-0


[Site "https://www.chess.com"]

[Event "Titled Tuesday Blitz December 20 Early 2022"]
[White "Benamar, Benious"]
[Black "googlegoom"]
[WhiteFideId "45118841"]
[WhiteElo "1136"]
[BlackElo "2581"]
[Result "0-1"]
[Round "10"]
[TimeControl "180+2"]
[Date "2022.12.20"]
[WhiteClock "0:00:49"]
[BlackClock "0:00:26"]

1. e3 c5 2. d3 d5 3. c3 Nf6 4. b3 Nc6 5. f3 e5 6. g3 Bd6 7. Ne2 Qc7 8. Bg2 O-O 9. Nd2 Re8 10. e4 b6 11. O-O Ba6 12. Qc2 Rad8 13. Rd1 h5 14. Nf1 h4 15. Bg5 hxg3 16. Nexg3 Be7 17. Nf5 Bc8 18. N1e3 d4 19. Nxe7+ Nxe7 20. cxd4 exd4 21. Nc4 Nh7 22. Bh4 f5 23. Qd2 Rf8 24. a4 Rde8 25. Re1 Ng6 26. Bg3 f4 27. Bf2 Ne5 28. Kh1 Nxc4 29. bxc4 Re5 30. Rg1 Rh5 31. Bf1 Qf7 32. a5 Rxh2+ 33. Kxh2 Qh5+ 34. Bh4 Qxh4+ 35. Kg2 Bh3+ 0-1


[Site "https://www.chess.com"]

[Event "Titled Tuesday Blitz December 20 Early 2022"]
[White "Bilandani, Vansh"]
[Black "Zahid, Sanatan"]
[WhiteFideId "8511292"]
[BlackFideId "10201963"]
[WhiteElo "2488"]
[BlackElo "1930"]
[Result "0-1"]
[Round "10"]
[TimeControl "180+2"]
[Date "2022.12.20"]
[WhiteClock "0:00:09"]
[BlackClock "0:02:33"]

1. d4 e6 2. Nf3 Nf6 3. g3 b6 4. Bg2 Bb7 5. O-O c5 6. c4 cxd4 7. Qxd4 Nc6 8. Qd1 d5 9. cxd5 Qxd5 10. Nc3 Qxd1 11. Rxd1 Be7 12. Ne5 Na5 13. Bxb7 Nxb7 14. Bg5 h6 15. Bf4 O-O 16. Nc6 Rfe8 17. Nxe7+ Rxe7 18. Rac1 e5 19. Be3 Ng4 20. Nd5 Rd7 21. h3 Nxe3 22. Nf6+ gxf6 23. Rxd7 Nc5 24. Rxc5 bxc5 25. fxe3 Rb8 26. b3 a5 27. Rc7 Rb5 28. Kf2 a4 29. bxa4 Ra5 30. Rc6 Kg7 31. g4 Rxa4 32. Rxc5 Rxa2 33. e4 Ra3 34. e3 Kg6 35. Kf3 Ra1 36. Rc8 Rf1+ 37. Kg2 Rb1 38. Kf3 Kg7 39. Rc7 Rg1 40. Rc8 h5 41. Rb8 h4 42. Rc8 Rg3+ 43. Kf2 Rxh3 44. Rc1 Rg3 45. Rh1 Rxg4 46. Kf3 f5 47. exf5 Ra4 48. e4 Ra3+ 49. Kg4 Re3 50. Kxh4 Kf6 51. Kg4 Rxe4+ 52. Kf3 Rf4+ 53. Ke3 Kxf5 54. Rh5+ Ke6 55. Rh6+ f6 56. Rh8 Ra4 57. Re8+ Kf5 58. Rh8 Ra3+ 59. Kf2 Ke6 60. Re8+ Kd5 61. Rh8 f5 62. Rd8+ Ke4 63. Rf8 f4 64. Re8 Ra2+ 65. Ke1 f3 66. Rh8 Ke3 0-1


[Site "https://www.chess.com"]

[Event "Titled Tuesday Blitz December 20 Early 2022"]
[White "Boudreaux, Floyd"]
[Black "Flawless_Fighter"]
[WhiteFideId "2016370"]
[WhiteElo "2088"]
[BlackElo "2622"]
[Result "0-1"]
[Round "10"]
[TimeControl "180+2"]
[Date "2022.12.20"]
[WhiteClock "0:00:01"]
[BlackClock "0:00:21"]

1. d4 Nf6 2. c4 e6 3. Nc3 Bb4 4. e3 O-O 5. Bd2 c5 6. Nf3 cxd4 7. exd4 d5 8. c5 b6 9. cxb6 Qxb6 10. a3 Bxc3 11. bxc3 Nbd7 12. Rb1 Qd6 13. a4 Ne4 14. Bd3 Ba6 15. Qe2 Bxd3 16. Qxd3 Nb6 17. a5 Nc4 18. Ra1 Rfc8 19. Bc1 Nxa5 20. Rxa5 Rxc3 21. Qb1 Rxc1+ 22. Qxc1 Qb4+ 23. Ke2 Qxa5 24. Qb2 h6 25. Ra1 Qc7 26. Ne5 Rc8 27. Kf1 a5 28. f3 Nd6 29. Qe2 Ra8 30. Nd3 Qc4 31. Nc5 Qxd4 32. Rc1 Nc4 33. Nb3 Qb2 34. Qxb2 Nxb2 35. Nc5 a4 36. Ra1 a3 37. Ke2 Nc4 38. Kd3 Rc8 39. Nb3 Rb8 40. Kc3 g5 41. g3 Kg7 42. f4 gxf4 43. gxf4 Kf6 44. Nc5 Rb2 45. Nd3 Rxh2 46. Rg1 Rh3 47. Kd4 Rh2 48. Rb1 a2 49. Ra1 Na3 50. Kc3 Nb5+ 51. Kb4 Nd4 52. Nc1 Nc2+ 0-1


[Site "https://www.chess.com"]

[Event "Titled Tuesday Blitz December 20 Early 2022"]
[White "Brunstein, Sandrine"]
[Black "Van der Nat, Nicholas"]
[WhiteFideId "625574"]
[BlackFideId "14300427"]
[WhiteElo "1990"]
[BlackElo "2362"]
[Result "1-0"]
[Round "10"]
[TimeControl "180+2"]
[Date "2022.12.20"]
[WhiteClock "0:02:00"]
[BlackClock "0:01:02"]

1. Nf3 Nf6 2. c4 e6 3. g3 d5 4. Bg2 Be7 5. O-O O-O 6. b3 c5 7. cxd5 Nxd5 8. Nc3 Nxc3 9. dxc3 Qxd1 10. Rxd1 Bf6 11. Bf4 Bxc3 12. Rac1 Bb4 13. Bd6 Re8 14. Ne5 Na6 15. Nc4 b5 16. Bxa8 bxc4 17. Bc6 Rd8 18. bxc4 f6 19. Bxc5 Rxd1+ 20. Rxd1 Bxc5 21. Rd8+ Kf7 22. Rxc8 1-0


[Site "https://www.chess.com"]

[Event "Titled Tuesday Blitz December 20 Early 2022"]
[White "ChessShop"]
[Black "Mileo, Miguelito"]
[BlackFideId "851108"]
[WhiteElo "2502"]
[BlackElo "1721"]
[Result "0-1"]
[Round "10"]
[TimeControl "180+2"]
[Date "2022.12.20"]
[WhiteClock "0:00:01"]
[BlackClock "0:01:16"]

1. d4 d5 2. Nf3 e6 3. Bf4 Nf6 4. Nbd2 Bd6 5. e3 Bxf4 6. exf4 O-O 7. c3 b6 8. g3 c5 9. h4 Qd6 10. h5 h6 11. a3 a5 12. a4 Ba6 13. Bxa6 Nxa6 14. Qe2 Nb8 15. Qe5 Qd8 16. Nb3 Ne4 17. f5 Nc6 18. Qf4 Qf6 19. Rd1 c4 20. Nbd2 Qxf5 21. Qxf5 exf5 22. Nh4 Rfe8 23. O-O Nd6 24. Rfe1 Re6 25. Nf1 Rae8 26. Ne3 g5 27. hxg6 fxg6 28. Kf1 Ne7 29. Neg2 Rxe1+ 30. Nxe1 Kf7 31. Nef3 Nc6 32. Ng2 Ne4 33. Nf4 Nf6 34. Nh4 Ne7 35. Re1 g5 36. Nxf5 Nxf5 37. Rxe8 Kxe8 38. Ne6 Kd7 39. Nf8+ Ke7 40. Ng6+ Kd6 41. Ne5 g4 42. Ke2 h5 43. Ng6 Kc6 44. Ne5+ Kb7 45. Nf7 b5 46. axb5 Kb6 47. Ng5 Kxb5 48. Ne6 Ne4 49. Nf4 Nf6 50. Ne6 Nd6 51. Nc7+ Ka4 52. Kd2 Kb3 53. Kc1 Ka2 54. Na6 Nde4 55. Nc5 Nxf2 56. Na4 h4 57. gxh4 g3 58. Kc2 g2 0-1


[Site "https://www.chess.com"]

[Event "Titled Tuesday Blitz December 20 Early 2022"]
[White "ChessTankMan"]
[Black "Rostolis, Riccardo"]
[BlackFideId "819948"]
[WhiteElo "2514"]
[BlackElo "1968"]
[Result "1-0"]
[Round "10"]
[TimeControl "180+2"]
[Date "2022.12.20"]
[WhiteClock "0:00:15"]
[BlackClock "0:00:03"]

1. e4 c5 2. Nf3 d6 3. d4 cxd4 4. Nxd4 Nf6 5. Nc3 g6 6. Be3 Bg7 7. f3 Nc6 8. g4 O-O 9. Qd2 Nxd4 10. Bxd4 Be6 11. O-O-O Qa5 12. Kb1 Rfc8 13. a3 Rab8 14. h4 b5 15. g5 Nh5 16. Bxg7 Kxg7 17. Bh3 b4 18. Ne2 Qe5 19. axb4 a5 20. Bxe6 fxe6 21. Qd4 Rxb4 22. Qxe5+ dxe5 23. Rd7 Kf7 24. Rhd1 Rcb8 25. b3 a4 26. Nc1 Nf4 27. c3 R4b6 28. b4 Rc8 29. Kb2 Rbc6 30. Na2 Ne2 31. R1d3 Nf4 32. Rd2 a3+ 33. Kxa3 Ra8+ 34. Kb3 Rca6 35. Nc1 Ra3+ 36. Kb2 R3a6 37. b5 Ra5 38. c4 Ra3 39. b6 Rxf3 40. c5 Raa3 41. b7 Rfc3 42. b8=Q Rxc5 43. Rxe7+ Kxe7 44. Qd8+ Kf7 45. Rd7# 1-0


[Site "https://www.chess.com"]

[Event "Titled Tuesday Blitz December 20 Early 2022"]
[White "Chesstrainer1"]
[Black "Cuajada_Zero"]
[WhiteElo "2467"]
[BlackElo "2413"]
[Result "0-1"]
[Round "10"]
[TimeControl "180+2"]
[Date "2022.12.20"]
[WhiteClock "0:00:17"]
[BlackClock "0:00:09"]

1. e4 c6 2. d4 d5 3. e5 Bf5 4. g4 Be4 5. f3 Bg6 6. e6 Qd6 7. exf7+ Bxf7 8. Nh3 e5 9. Qe2 Nd7 10. Bf4 O-O-O 11. dxe5 Qb4+ 12. c3 Qe7 13. Bg5 Qxe5 14. Bxd8 Kxd8 15. Qxe5 Nxe5 16. Ng5 Ke8 17. Be2 Bc5 18. f4 Ng6 19. Rf1 Nf6 20. f5 Ne5 21. h3 h5 22. Nxf7 Kxf7 23. g5 Ne4 24. h4 Ng3 25. b4 Nxf1 26. Kxf1 Be3 27. a4 Ng4 28. Na3 Bd2 29. Nb1 Bc1 30. Ra2 Ne3+ 31. Kf2 Nxf5 32. Rc2 Bf4 33. Bd3 Nxh4 34. Na3 Bxg5 35. b5 Ng6 36. a5 c5 37. b6 axb6 38. axb6 Ne5 39. Bf1 Ke6 40. Nb5 Kd7 41. Re2 Bf6 42. Na7 Re8 43. Bh3+ Kd6 44. Kg2 g5 45. Rf2 Rf8 46. Bf5 g4 47. Nb5+ Kc6 48. Nc7 Kd6 49. Ne6 d4 50. Nxf8 d3 51. Rd2 c4 52. Ne6 h4 53. Nf4 Bg5 54. Nxd3 cxd3 55. Rxd3+ Nxd3 56. Bxd3 Kc5 57. Bf5 g3 58. Bc8 Kxb6 59. Bd7 Bf6 60. Be6 Bxc3 61. Kh3 Bf6 62. Kg2 Be7 63. Bd5 Kc5 64. Bxb7 Kd4 65. Bc8 Ke3 66. Bh3 Kf4 67. Bc8 Kg5 68. Bd7 Bd6 69. Bh3 Be5 70. Bc8 Kf4 71. Bh3 Ke3 72. Bc8 Bf4 73. Bh3 Ke2 74. Bc8 Ke3 75. Bh3 Be5 76. Bc8 Bc7 77. Bh3 Kf4 78. Bc8 Ke5 79. Bd7 Bd6 80. Bh3 Be7 81. Bc8 Kd6 82. Bd7 Kxd7 0-1


[Site "https://www.chess.com"]

[Event "Titled Tuesday Blitz December 20 Early 2022"]
[White "CraiggoryC"]
[Black "Husnutdinov, Damir"]
[BlackFideId "14200910"]
[WhiteElo "2227"]
[BlackElo "2415"]
[Result "1-0"]
[Round "10"]
[TimeControl "180+2"]
[Date "2022.12.20"]
[WhiteClock "0:00:13"]
[BlackClock "0:00:02"]

1. e4 c5 2. Nf3 Nc6 3. d4 cxd4 4. Nxd4 g6 5. Nc3 Bg7 6. Be3 Nf6 7. Bc4 O-O 8. Bb3 d6 9. f3 Na5 10. Qd2 Nxb3 11. axb3 Bd7 12. O-O-O a5 13. Bh6 a4 14. bxa4 Bxa4 15. h4 b5 16. h5 b4 17. Nd5 Bd7 18. Nb3 Ba4 19. Bxg7 Bxb3 20. Qh6 Nxd5 21. Bxf8 Ra1+ 22. Kd2 Rxd1+ 23. Rxd1 Qxf8 24. Qxf8+ Kxf8 25. cxb3 Nf4 26. hxg6 hxg6 27. g3 Nh5 28. Rg1 Ke8 29. Ke3 Kd7 30. Kd4 Kc6 31. Kc4 e6 32. Kxb4 d5 33. Rc1+ Kd6 34. g4 Nf6 35. exd5 Nxd5+ 36. Ka5 f5 37. b4 fxg4 38. fxg4 e5 39. b5 e4 40. b6 e3 41. b7 Ne7 42. b8=Q+ 1-0


[Site "https://www.chess.com"]

[Event "Titled Tuesday Blitz December 20 Early 2022"]
[White "De Firmian, Nick"]
[Black "Wild, Achim"]
[WhiteFideId "2000105"]
[BlackFideId "4658728"]
[WhiteElo "2460"]
[BlackElo "2265"]
[Result "0-1"]
[Round "10"]
[TimeControl "180+2"]
[Date "2022.12.20"]
[WhiteClock "0:00:26"]
[BlackClock "0:00:42"]

1. Nf3 d5 2. g3 e6 3. Bg2 Nf6 4. O-O Be7 5. b3 O-O 6. Bb2 a5 7. a3 c5 8. d4 Nc6 9. c4 a4 10. cxd5 exd5 11. dxc5 Bxc5 12. b4 Bb6 13. Nc3 Re8 14. Nxa4 Ba7 15. e3 Bg4 16. Nc3 d4 17. exd4 Nxd4 18. h3 Bh5 19. g4 Bg6 20. Nxd4 Bxd4 21. Bxb7 Rb8 22. Bg2 h5 23. g5 Nh7 24. h4 Nf8 25. Qd2 Ne6 26. Rad1 Qc8 27. Nd5 Bxb2 28. Qxb2 Qc4 29. Rc1 Qxh4 30. f4 Qg4 31. Qf2 Be4 32. Nc7 Nxf4 33. Nxe8 Nh3+ 34. Kh2 Nxf2 35. Rxf2 Rxe8 36. Bxe4 Qxe4 37. Rc3 Qe5+ 0-1


[Site "https://www.chess.com"]

[Event "Titled Tuesday Blitz December 20 Early 2022"]
[White "DefiantChair"]
[Black "Sapon, Ilia"]
[BlackFideId "13504746"]
[WhiteElo "2631"]
[BlackElo "2074"]
[Result "1-0"]
[Round "10"]
[TimeControl "180+2"]
[Date "2022.12.20"]
[WhiteClock "0:00:13"]
[BlackClock "0:00:04"]

1. e4 e6 2. d4 d5 3. Nd2 Nf6 4. e5 Nfd7 5. Bd3 c5 6. c3 Nc6 7. Ne2 cxd4 8. cxd4 f6 9. exf6 Nxf6 10. O-O Bd6 11. Nf3 O-O 12. Bg5 Bd7 13. Re1 Qc7 14. Bh4 Ne4 15. Ng3 Nxf2 16. Kxf2 Nxd4 17. Kg1 Nxf3+ 18. gxf3 g5 19. Bxg5 Bxg3 20. Re2 Bf4 21. Bh4 Kh8 22. Kh1 e5 23. Rg2 Bc6 24. Qc2 Qf7 25. Rag1 Rg8 26. Rxg8+ Rxg8 27. Rxg8+ Kxg8 28. Qg2+ Qg7 29. Qh3 Bd7 30. Bf5 Be3 31. Bg3 Qg6 32. Bxg6 Bxh3 33. Bc2 Bd4 34. b4 Be6 35. Kg2 Kg7 36. Bh4 h6 37. Bd8 Bf7 38. Bc7 Bg6 39. Bb3 Bf7 40. Kg3 Kf6 41. f4 Ke6 42. Kg4 e4 43. Bb8 a6 44. Ba4 h5+ 45. Kg5 Bf6+ 46. Kh6 d4 47. Ba7 d3 48. Be3 Kf5 49. Bd7+ Be6 50. Be8 Bxa2 51. h3 Bc3 52. Bxh5 d2 53. Bg4+ Kf6 54. Bd1 Bxb4 55. Bd4+ Kf5 56. Be5 a5 57. Bg4# 1-0


[Site "https://www.chess.com"]

[Event "Titled Tuesday Blitz December 20 Early 2022"]
[White "Dela Cruz, Noel"]
[Black "Groz, Jacky"]
[WhiteFideId "5207649"]
[BlackFideId "626643"]
[WhiteElo "2241"]
[BlackElo "2052"]
[Result "1-0"]
[Round "10"]
[TimeControl "180+2"]
[Date "2022.12.20"]
[WhiteClock "0:00:48"]
[BlackClock "0:00:01"]

1. d4 Nf6 2. c4 c6 3. Nf3 d5 4. e3 g6 5. Nc3 Bg7 6. Be2 O-O 7. O-O Bf5 8. cxd5 cxd5 9. Qb3 b6 10. Bd2 Nc6 11. Rfc1 Na5 12. Qa4 Bd7 13. Qd1 Nc4 14. Ne5 Nxe5 15. dxe5 Ne4 16. Nxe4 dxe4 17. Bc3 Bc6 18. Qb3 Bd5 19. Bc4 Bxc4 20. Qxc4 Qd3 21. Qxd3 exd3 22. Rd1 Rfd8 23. f4 f6 24. exf6 Bxf6 25. Bxf6 exf6 26. Rd2 Rd7 27. Rc1 f5 28. Kf2 Kf7 29. Rc4 Rad8 30. Kf3 Kf6 31. e4 fxe4+ 32. Rxe4 Rd5 33. Ke3 h5 34. g3 a5 35. Rc4 Re8+ 36. Kf3 Re6 37. Rc3 Red6 38. Ke4 Rd4+ 39. Ke3 Rb4 40. Rcxd3 Re6+ 41. Kf3 a4 42. a3 Rc4 43. Rd4 Rec6 44. Rd6+ Ke7 45. R6d5 R6c5 46. Ke3 Rxd5 47. Rxd5 Rc2 48. Rd2 Rc4 49. Kd3 b5 50. Rc2 1-0


[Site "https://www.chess.com"]

[Event "Titled Tuesday Blitz December 20 Early 2022"]
[White "Devallee, Jeremie"]
[Black "Alexei_Gubajdullin"]
[WhiteFideId "665240"]
[WhiteElo "2204"]
[BlackElo "2625"]
[Result "0-1"]
[Round "10"]
[TimeControl "180+2"]
[Date "2022.12.20"]
[WhiteClock "0:00:01"]
[BlackClock "0:00:48"]

1. e4 g6 2. d4 Bg7 3. f4 d6 4. Nf3 c5 5. c3 Nf6 6. Bd3 O-O 7. O-O Bg4 8. Nbd2 cxd4 9. cxd4 Nc6 10. h3 Bxf3 11. Nxf3 Qb6 12. Bc2 Nd7 13. Be3 e5 14. fxe5 dxe5 15. Qd2 exd4 16. Bh6 d3+ 17. Be3 Qxb2 18. Qxd3 Nde5 19. Nxe5 Nxe5 20. Qe2 Rfc8 21. Rac1 Qxa2 22. Bd4 Nf3+ 23. Rxf3 Bxd4+ 24. Kh1 Rc7 25. Rd3 Be5 26. Qd1 Rac8 27. Rd8+ Rxd8 28. Qxd8+ Kg7 29. Qd1 Qa3 30. Rb1 Qg3 31. Kg1 Qh2+ 32. Kf1 Qh1+ 33. Kf2 Qh2 34. Qd3 Rc3 35. Qd2 Rg3 36. Rg1 Rxh3 37. Kf1 Rf3+ 38. Ke2 Bc3 39. Qd1 Rf6 40. Bd3 Qg3 0-1


[Site "https://www.chess.com"]

[Event "Titled Tuesday Blitz December 20 Early 2022"]
[White "Dreux, Vincent"]
[Black "ChadBiryani"]
[WhiteFideId "658960"]
[WhiteElo "1937"]
[BlackElo "2454"]
[Result "1/2-1/2"]
[Round "10"]
[TimeControl "180+2"]
[Date "2022.12.20"]
[WhiteClock "0:00:30"]
[BlackClock "0:00:36"]

1. e4 c5 2. Nf3 d6 3. Bb5+ Bd7 4. Bxd7+ Nxd7 5. O-O Ngf6 6. Qe2 e6 7. c4 Be7 8. Nc3 Ne5 9. b3 O-O 10. Bb2 Qb6 11. Rad1 Rad8 12. d4 Nxf3+ 13. Qxf3 cxd4 14. Na4 Qa5 15. Rxd4 b5 16. cxb5 Qxb5 17. Rfd1 Rc8 18. R4d2 Rfd8 19. h3 Qb4 20. e5 dxe5 21. Rxd8+ Rxd8 22. Rxd8+ Bxd8 23. Qe3 Nd5 24. Qxa7 h6 25. Qa8 Qe1+ 26. Kh2 Qxf2 27. Qxd8+ Kh7 28. Bxe5 Ne3 29. Qa8 Nf1+ 30. Kh1 Qe1 31. Bc3 Qf2 32. Qf3 Ng3+ 33. Kh2 Nf1+ 34. Kh1 Ng3+ 35. Kh2 Nf1+ 36. Kh1 1/2-1/2


[Site "https://www.chess.com"]

[Event "Titled Tuesday Blitz December 20 Early 2022"]
[White "Ducrest, Pierre"]
[Black "Patterson, Fheopatrick"]
[WhiteFideId "1303627"]
[BlackFideId "30939364"]
[WhiteElo "2004"]
[BlackElo "1497"]
[Result "1-0"]
[Round "10"]
[TimeControl "180+2"]
[Date "2022.12.20"]
[WhiteClock "0:00:48"]
[BlackClock "0:01:00"]

1. d4 Nf6 2. c4 e6 3. Nc3 Bb4 4. Qc2 O-O 5. a3 Bxc3+ 6. Qxc3 d5 7. e3 dxc4 8. Bxc4 b6 9. Ne2 Bb7 10. f3 Nbd7 11. e4 c5 12. Be3 cxd4 13. Qxd4 Rc8 14. O-O Nc5 15. Ba2 Ba6 16. Rfe1 e5 17. Qxd8 Rfxd8 18. Bxc5 Rxc5 19. Red1 Rxd1+ 20. Rxd1 Kf8 21. Nc3 Bc4 22. Bxc4 Rxc4 23. Rd8+ Ke7 24. Ra8 Rc7 25. Kf2 Ke6 26. Ke3 Nd7 27. Re8+ Kd6 28. Nb5+ 1-0


[Site "https://www.chess.com"]

[Event "Titled Tuesday Blitz December 20 Early 2022"]
[White "Durin, Jean-Pierre"]
[Black "MathiasWomacka"]
[WhiteFideId "26026600"]
[WhiteElo "1819"]
[BlackElo "2562"]
[Result "0-1"]
[Round "10"]
[TimeControl "180+2"]
[Date "2022.12.20"]
[WhiteClock "0:00:02"]
[BlackClock "0:00:16"]

1. d4 Nf6 2. Bg5 Ne4 3. h4 c5 4. dxc5 Qa5+ 5. Nd2 Nxg5 6. hxg5 Qxc5 7. Ngf3 g6 8. c3 d6 9. e4 Bg4 10. Qb3 Qc7 11. Bc4 e6 12. Rh4 Bxf3 13. Nxf3 Nd7 14. Bxe6 fxe6 15. Qxe6+ Kd8 16. O-O-O Bg7 17. Rxd6 Re8 18. Qd5 Bxc3 19. Rxd7+ Qxd7 20. Qxd7+ Kxd7 21. Rxh7+ Kc6 22. bxc3 Rxe4 23. Nd4+ Kb6 24. Rf7 Rc8 25. Kd2 Rg4 26. Rf6+ Ka5 27. Rxg6 Rxg2 28. Rf6 Rxg5 29. Nb3+ Ka4 30. Rf7 Rb5 31. Kc2 Ka3 32. Rf4 Re8 33. Nd4 Rb2+ 34. Kd3 Kxa2 35. Rf7 a5 36. f4 a4 37. f5 a3 38. Rd7 Re1 39. Kc4 Kb1 40. Nf3 Rf1 41. Nd2+ Rxd2 42. Rxd2 a2 43. Rxa2 Kxa2 44. Kd5 Rxf5+ 45. Ke4 Rc5 46. Kd4 Rc6 0-1


[Site "https://www.chess.com"]

[Event "Titled Tuesday Blitz December 20 Early 2022"]
[White "Ezat, Mohamed"]
[Black "Luks, Artur"]
[WhiteFideId "10600906"]
[BlackFideId "21808856"]
[WhiteElo "2402"]
[BlackElo "1577"]
[Result "1-0"]
[Round "10"]
[TimeControl "180+2"]
[Date "2022.12.20"]
[WhiteClock "0:00:15"]
[BlackClock "0:00:25"]

1. e4 e6 2. d4 d5 3. Nc3 Bb4 4. Ne2 Nc6 5. a3 Ba5 6. b4 Bb6 7. Be3 Nge7 8. exd5 exd5 9. Ng3 O-O 10. Bd3 f5 11. f4 Nxd4 12. O-O Nb5 13. Bxb6 Nxc3 14. Qe1 axb6 15. Qxc3 Nc6 16. Rfe1 Qd6 17. Qd2 Bd7 18. c4 Kh8 19. Qf2 Be6 20. Rad1 d4 21. Qb2 Rad8 22. Qc2 g6 23. Qb2 Nb8 24. c5 bxc5 25. bxc5 Qd5 26. Re5 Qd7 27. Rde1 Rfe8 28. Qxb7 Bf7 29. Bb5 c6 30. Qxd7 Nxd7 31. Rxe8+ Rxe8 32. Rxe8+ Bxe8 33. Bxc6 Kg7 34. Bxd7 Bxd7 35. Kf2 Bb5 36. Ne2 d3 37. Nc3 d2 38. Ke3 Bf1 39. g3 Kf7 40. Kxd2 Ke7 41. Ke3 Kd7 42. Kd4 Kc6 43. Nd5 1-0


[Site "https://www.chess.com"]

[Event "Titled Tuesday Blitz December 20 Early 2022"]
[White "Fera, Aryanti"]
[Black "Al-Kailani, Zaid"]
[WhiteFideId "7118988"]
[BlackFideId "8100187"]
[WhiteElo "1770"]
[BlackElo "2053"]
[Result "0-1"]
[Round "10"]
[TimeControl "180+2"]
[Date "2022.12.20"]
[WhiteClock "0:00:01"]
[BlackClock "0:00:18"]

1. e4 e6 2. d4 d5 3. Nc3 Bb4 4. e5 c5 5. Bd2 Nh6 6. a3 Bxc3 7. Bxc3 cxd4 8. Qxd4 Nc6 9. Qf4 g5 10. Qg3 Nf5 11. Qh3 Qb6 12. Bd3 d4 13. Bd2 Nxe5 14. Bxf5 exf5 15. O-O-O Nc4 16. Bb4 a5 17. Qb3 Be6 18. Qa4+ Bd7 19. Re1+ Ne3 20. Qb3 Be6 21. Qa4+ Bd7 22. Qb3 axb4 23. fxe3 O-O 24. Nf3 Be6 25. Qxb4 Qxb4 26. axb4 dxe3 27. Kb1 Ba2+ 28. Kc1 Bd5 29. Kb1 Bxf3 30. gxf3 f4 31. h4 h6 32. Rd1 Rfd8 33. c3 Rxd1+ 34. Rxd1 g4 35. fxg4 f3 36. Kc2 e2 0-1


[Site "https://www.chess.com"]

[Event "Titled Tuesday Blitz December 20 Early 2022"]
[White "Flaccidmoves"]
[Black "Huda, Maryana"]
[BlackFideId "14116553"]
[WhiteElo "2436"]
[BlackElo "2160"]
[Result "1-0"]
[Round "10"]
[TimeControl "180+2"]
[Date "2022.12.20"]
[WhiteClock "0:00:21"]
[BlackClock "0:00:02"]

1. c4 e6 2. g3 d5 3. Bg2 Nf6 4. Nf3 Be7 5. O-O O-O 6. d4 dxc4 7. Qc2 a6 8. a4 Nbd7 9. Nbd2 c5 10. Nxc4 cxd4 11. Nxd4 Qc7 12. Bf4 e5 13. Nf5 Bb4 14. Bg5 Rb8 15. Qb3 Bc5 16. a5 h6 17. Be3 b5 18. Nd2 Bxe3 19. Qxe3 Nc5 20. Nxh6+ gxh6 21. Rac1 Nfd7 22. b4 Bb7 23. Bxb7 Rxb7 24. Qxh6 Ra7 25. Ne4 f5 26. Qg6+ Kh8 27. Ng5 Nf6 28. Qh6+ Kg8 29. Rxc5 Qg7 30. Qxg7+ Kxg7 31. Ne6+ Kf7 32. Nxf8 Kxf8 33. Rxe5 Ne4 34. Rxf5+ Kg7 35. h4 Kg6 36. Re5 Nd2 37. Rd1 Nc4 38. Rc5 Re7 39. e3 Re6 40. g4 Ne5 41. h5+ Kh6 42. g5+ Kxh5 43. f4 Nf3+ 44. Kf2 Nh4 45. Rh1 Kg4 46. Rxh4+ Kxh4 47. f5 Re4 48. g6 Rg4 49. Kf3 Rxb4 50. g7 Rb1 51. f6 Rf1+ 52. Ke4 Rg1 53. f7 Rg4+ 54. Kd3 Rxg7 55. f8=Q Rd7+ 56. Ke4 Rh7 57. Qf4+ Kh3 58. Qf5+ Kh4 59. Qxh7+ Kg3 60. Qg6+ Kf2 61. Rc2+ Ke1 62. Qg1# 1-0


[Site "https://www.chess.com"]

[Event "Titled Tuesday Blitz December 20 Early 2022"]
[White "Forgacs, Gyula"]
[Black "McCarthyStone"]
[WhiteFideId "701203"]
[WhiteElo "2305"]
[BlackElo "2471"]
[Result "0-1"]
[Round "10"]
[TimeControl "180+2"]
[Date "2022.12.20"]
[WhiteClock "0:00:40"]
[BlackClock "0:00:37"]

1. e4 e5 2. Nf3 d6 3. d4 exd4 4. Nxd4 Nf6 5. Nc3 g6 6. Bc4 Bg7 7. Bf4 O-O 8. Qd2 Re8 9. O-O-O Nc6 10. Nxc6 bxc6 11. f3 a5 12. a4 Rb8 13. e5 Nd5 14. Nxd5 cxd5 15. Bxd5 Bf5 16. g4 Be6 17. Bxe6 Rxe6 18. c3 Qe8 19. exd6 cxd6 20. Rhe1 Qxa4 21. Kb1 Rxe1 22. Rxe1 Bxc3 23. Qxc3 Qxf4 24. h4 a4 25. Qc7 Qb4 26. Re2 a3 27. Qc1 axb2 28. Rxb2 Qxb2+ 29. Qxb2 Rxb2+ 30. Kxb2 f5 31. Kc3 fxg4 32. fxg4 Kf7 33. Kd4 Ke6 34. Ke4 d5+ 35. Kf4 h6 36. h5 g5+ 37. Kf3 Ke5 38. Ke3 d4+ 39. Kd3 Kd5 40. Kd2 Ke4 41. Ke2 Kf4 42. Kd3 Kxg4 43. Kxd4 Kxh5 44. Ke3 Kg4 45. Kf2 Kh3 46. Kg1 h5 47. Kh1 Kg3 48. Kg1 Kf4 49. Kh1 Kg3 50. Kg1 g4 51. Kh1 Kf2 52. Kh2 g3+ 53. Kh3 g2 54. Kh4 g1=Q 55. Kh3 Qg3# 0-1


[Site "https://www.chess.com"]